 Dungeon Crawl Stone Soup version 0.21.1-1-g345015f (webtiles) character file.

25 letownia2 the Charmwright (level 3, 0/31 HPs)
             Began as a Gnoll Skald on Feb 27, 2018.
             Succumbed to an adder's poison
             ... on level 2 of the Dungeon.
             The game lasted 00:01:08 (187 turns).

letownia2 the Charmwright (Gnoll Skald)              Turns: 187, Time: 00:01:09

Health: 0/31       AC:  3    Str: 13    XL:     3   Next: 4%
Magic:  2/9        EV: 14    Int: 16    God:
Gold:   13         SH:  0    Dex: 14    Spells: 6/11 levels left

rFire    . . .     SeeInvis .   a - +0 spear
rCold    . . .     Gourm    .   (no shield)
rNeg     . . .     Faith    .   b - +0 leather armour
rPois    .         Spirit   .   (no helmet)
rElec    .         Reflect  .   (no cloak)
rCorr    .         Harm     .   (no gloves)
MR       .....                  (no boots)
Stlth    +.........             (no amulet)
HPRegen  0.10/turn              (no ring)
MPRegen  0.11/turn              (no ring)

@: lethally poisoned (0 -> -4)
A: distributed training, fangs 1, strong nose
a: no special abilities


You were on level 2 of the Dungeon.
You were not hungry.

You visited 1 branch of the dungeon, and saw 2 of its levels.

You collected 13 gold pieces.

Inventory:

Hand Weapons
 a - a +0 spear (weapon)
Armour
 b - a +0 leather armour (worn)
 f - a +0 pair of boots
Potions
 e - a potion of degeneration {unknown}
Books
 c - a book of Battle

   Spells                             Type                      Level
   a - Infusion                       Charms                       1
   b - Shroud of Golubria             Charms/Translocation         2
   c - Song of Slaying                Charms                       2
   d - Spectral Weapon                Hexes/Charms                 3
   e - Regeneration                   Charms/Necromancy            3
Comestibles
 d - a ration


   Skills:
 + Level 4.5 Fighting
 + Level 0.5 Short Blades
 + Level 0.5 Long Blades
 + Level 0.5 Axes
 + Level 0.5 Maces & Flails
 + Level 4.5 Polearms
 + Level 0.5 Staves
 + Level 0.5 Slings
 + Level 0.5 Bows
 + Level 0.5 Crossbows
 + Level 0.5 Throwing
 + Level 2.5 Armour
 + Level 4.5 Dodging
 + Level 0.5 Stealth
 + Level 0.5 Shields
 + Level 0.5 Unarmed Combat
 + Level 4.9 Spellcasting
 + Level 0.4 Conjurations
 + Level 0.4 Hexes
 + Level 5.4 Charms
 + Level 0.4 Summonings
 + Level 0.4 Necromancy
 + Level 0.4 Translocations
 + Level 0.4 Transmutations
 + Level 0.4 Fire Magic
 + Level 0.4 Ice Magic
 + Level 0.4 Air Magic
 + Level 0.4 Earth Magic
 + Level 0.4 Poison Magic
 + Level 0.7 Invocations
 + Level 0.5 Evocations


You had 6 spell levels left.
You knew the following spells:

 Your Spells              Type           Power        Failure   Level  Hunger
a - Infusion              Chrm           ###.         1%          1    None
l - Song of Slaying       Chrm           ###.....     3%          2    ##.....
t - Shroud of Golubria    Chrm/Tloc      ##........   9%          2    ##.....


Dungeon Overview and Level Annotations

Branches:
Dungeon (2/15)

Altars:
Ru


Innate Abilities, Weirdness & Mutations

Your experience applies equally to all skills.
You have very sharp teeth.
Your uncanny sense of smell can sniff out nearby items.


Message History

You kill the adder!
You have reached level 3!
Your experience leads to an increase in your attributes!
Increase (S)trength, (I)ntelligence, or (D)exterity?
You feel clever.
* * * LOW HITPOINT WARNING * * *
You feel sick.
An adder comes into view.
Unknown command.
* * * LOW HITPOINT WARNING * * *
You feel sick.
You see here a rat corpse.
* * * LOW HITPOINT WARNING * * *
You feel sick.
Your shroud unravels.
* * * LOW HITPOINT WARNING * * *
You feel sick.
There is an escape hatch in the ceiling here.
Unknown command.
You die...

# #.....)....S#
#.######.######
#.....†..#
####.##### #<..#
#...# #...#
#####...#####
##....@......##
................
###...........##
#####..[#####
#...# #...#
#...# ##.## #.#


There were no monsters in sight!

Vanquished Creatures
  2 adders (D:2)
  2 goblins (D:2)
  2 bats (D:2)
  A frilled lizard (D:2)
  A rat (D:2)
8 creatures vanquished.

Notes
Turn   | Place    | Note
-------+----------+-------------------------------------------
     0 | D:1      | letownia2 the Gnoll Skald began the quest for the Orb.
     0 | D:1      | Reached XP level 1. HP: 20/20 MP: 6/6
   140 | D:2      | Reached XP level 2. HP: 10/26 MP: 2/7
   147 | D:2      | Learned a level 2 spell: Song of Slaying
   150 | D:2      | Learned a level 2 spell: Shroud of Golubria
   167 | D:2      | Found a sacrificial altar of Ru.
   177 | D:2      | Reached XP level 3. HP: 4/31 MP: 0/9
   181 | D:2      | HP: 1/31 [poisoned by an adder]
   187 | D:2      | Succumbed to an adder's poison

Action                   || total
-------------------------++-------
Melee: Spear             ||    22
       Bite              ||     1
 Cast: Infusion          ||     1
       Shroud of Golubri ||     1
 Stab: Sleeping          ||     1
Armor: Leather armour    ||     2
Dodge: Dodged            ||    11
